 Dungeon Crawl Stone Soup version 0.29.0-4-gdea44cf6ec (webtiles) character file.

Game seed: 9139953622914749605

107 qw the Ruffian (level 4, -1/36 HPs)
             Began as a Ghoul Fire Elementalist on Aug 29, 2022.
             Slain by an orc
             ... wielding a +0 hand axe
              (4 damage)
             ... on level 2 of the Dungeon.
             The game lasted 00:02:26 (3252 turns).

qw the Ruffian (Ghoul Fire Elementalist)            Turns: 3252, Time: 00:02:26

Health: -1/36      AC:  3    Str: 13    XL:     4   Next: 85%
Magic:  5/5        EV: 12    Int: 10    God:
Gold:   32         SH:  0    Dex:  9    Spells: 5/6 levels left

rFire   . . .      SeeInvis .     - Unarmed
rCold   + . .      Faith    .   (no shield)
rNeg    + + +      Spirit   .   a - +0 robe
rPois   inf        Reflect  .   j - +0 helmet
rElec   .          Harm     .   (no cloak)
rCorr   .          Rampage  .   (no gloves)
Will    .....                   (no boots)
Stlth   ++........              (no amulet)
HPRegen 0.00/turn               (no ring)
MPRegen 0.09/turn               (no ring)

@: about to teleport, inhibited regen
A: claws 1, cold resistance 1, negative energy resistance 3, inhibited
regeneration, torment resistance 2, devour on kill
a: no special abilities


You were on level 2 of the Dungeon.
You visited 1 branch of the dungeon, and saw 2 of its levels.

You collected 32 gold pieces.


Innate Abilities, Weirdness & Mutations

You are immune to poison.
You have sharp fingernails.
Your flesh is cold resistant. (rC+)
You are immune to negative energy. (rN+++)
You do not regenerate when monsters are visible.
You are immune to unholy pain and torment.
You thrive by killing the living.


   Skills:
 - Level 2.0 Fighting
 - Level 1.7 Dodging
 - Level 2.1 Stealth
 + Level 4.1 Unarmed Combat
 - Level 1.7 Spellcasting
 - Level 0.7 Conjurations
 - Level 2.4 Fire Magic


You had 5 spell levels left.
You knew the following spells:

 Your Spells              Type           Power      Damage    Failure   Level
a - Foxfire               Conj/Fire      16%        2x1d4     17%         1

Your spell library contained the following spells:

 Spells                   Type           Power      Damage    Failure   Level
 Scorch                   Fire           10%        2d5       19%         2
 Conjure Flame            Conj/Fire      4%         6-21      45%         3
 Inner Flame              Hex/Fire       3%         N/A       52%         3
 Flame Wave               Conj/Fire      4%         2d5       86%         4

Inventory:

Armour
 a - a +0 robe (worn)
 j - a +0 helmet (worn)
Jewellery
 d - a ring of ice
 k - a ring of ice
Scrolls
 b - a scroll of identify
 g - 2 scrolls of teleportation
Potions
 c - a potion of haste {unknown}
 e - a potion of degeneration {unknown}
 m - a potion of curing {unknown}

Dungeon Overview and Level Annotations

Branches:
Dungeon (2/15)

Altars:

Shops:
D:1 ([


Message History

You barely miss the hobgoblin.
The hobgoblin is moderately wounded.
The hobgoblin barely misses you.
You closely miss the hobgoblin.
The hobgoblin is moderately wounded.
The hobgoblin hits you.
You scratch the hobgoblin but do no damage.
The hobgoblin is moderately wounded.
The hobgoblin hits you.
You barely miss the hobgoblin.
The hobgoblin is moderately wounded.
The hobgoblin hits you.
You claw the hobgoblin!
You kill the hobgoblin!
You claw the orc!
You kill the orc!
Your Fighting skill increases to level 2!
You scratch the orc. Your claw misses the orc.
The orc is almost dead.
The orc barely misses you.
You scratch the orc.
You kill the orc!
You feel better.
You closely miss the goblin. The goblin hits you but does no damage.
You barely miss the goblin. The goblin closely misses you.
You claw the goblin!
You kill the goblin!
You barely miss the orc. The orc hits you with a +0 hand axe!
You barely miss the orc. The orc hits you with a +0 hand axe.
3251 ||| READING 3 scrolls of teleportation.
As you read the scroll of teleportation, it crumbles to dust.
You feel strangely unstable. The orc hits you with a +0 hand axe.
You completely miss the orc. You claw the orc, but do no damage.
The orc hits you with a +0 hand axe.
You die...

#.##.##.######## #.#
#....##.# ########.#
#.#####.# #.)......#
#.#####.###.########
#.............#
##.######.##.#.#####
.....####.##.#.....##
.#.#.........#.###..#
.#.####.........@og.#
.#.# #.##########..#
.#.# #.# #..# .#.#
#.# ## #..# ...# #.#
.( #o.# .### #.# ###o
#..# .# #.# .$..g
#..# .# #.#
....8.#..# .>
..(.$.)..#


You could see an orc and a hobgoblin.

Vanquished Creatures
  3 gnolls (D:2)
  3 adders (D:2)
  A worm (D:2)
  2 dart slugs
  2 orcs (D:2)
  3 bats
  2 endoplasms
  3 giant cockroaches
  5 goblins
  3 hobgoblins
  7 kobolds
  A quokka (D:1)
  5 ball pythons
  3 frilled lizards
  3 rats
46 creatures vanquished.

Notes
Turn   | Place    | Note
-------+----------+-------------------------------------------
     0 | D:1      | qw the Ghoul Fire Elementalist began the quest for the Orb.
     0 | D:1      | Reached XP level 1. HP: 14/14 MP: 2/2
     0 | D:1      | 0 ||| qw: Version: 0.1-a-90-g952f4b7
     0 | D:1      | 0 ||| qw: Game counter: 3939
     0 | D:1      | 0 ||| qw: Always use a shield: true
     0 | D:1      | 0 ||| qw: God list: Okawaru
     0 | D:1      | 0 ||| qw: Allow faded altars: false
     0 | D:1      | 0 ||| qw: Do Orc after D:15 true
     0 | D:1      | 0 ||| qw: Do second Lair branch before Depths: true
     0 | D:1      | 0 ||| qw: Lair rune preference: random
     0 | D:1      | 0 ||| qw: Plans: Normal
     0 | D:1      | 0 ||| PLANNING D:1-11
    48 | D:1      | 48 ||| Stepping ~*~*~tactically~*~*~ (hiding).
   150 | D:1      | 150 ||| Stepping ~*~*~tactically~*~*~ (hiding).
   252 | D:1      | 252 ||| Stepping ~*~*~tactically~*~*~ (hiding).
   388 | D:1      | Reached skill level 1 in Unarmed Combat
   616 | D:1      | Reached skill level 1 in Fighting
   616 | D:1      | Reached XP level 2. HP: 23/23 MP: 3/3
   624 | D:1      | Found Udemp's Weapon Shop.
   825 | D:1      | 825 ||| Stepping ~*~*~tactically~*~*~ (outnumbered).
   826 | D:1      | 826 ||| Stepping ~*~*~tactically~*~*~ (outnumbered).
   827 | D:1      | 827 ||| Stepping ~*~*~tactically~*~*~ (outnumbered).
   828 | D:1      | 828 ||| Stepping ~*~*~tactically~*~*~ (outnumbered).
   829 | D:1      | 829 ||| Stepping ~*~*~tactically~*~*~ (outnumbered).
   990 | D:1      | Found a faded altar of an unknown god.
  1233 | D:1      | Reached skill level 2 in Unarmed Combat
  1317 | D:1      | Found Baluu's Armour Shop.
  1322 | D:1      | 1322 ||| SHOPLISTING +0 chain mail (63 gold, have 25).
  1322 | D:1      | 1322 ||| SHOPLISTING +0 cloak (63 gold, have 25).
  1322 | D:1      | 1322 ||| SHOPLISTING +0 leather armour (28 gold, have 25).
  1322 | D:1      | 1322 ||| SHOPLISTING +0 pair of boots (63 gold, have 25).
  1322 | D:1      | 1322 ||| SHOPLISTING +0 scale mail (56 gold, have 25).
  1322 | D:1      | 1322 ||| SHOPLISTING +3 leather armour (266 gold, have 25).
  1537 | D:1      | 1537 ||| UPGRADING to +0 helmet.
  1542 | D:1      | 1542 ||| READING 3 scrolls labelled AMATOCV VAACW.
  1643 | D:1      | 1643 ||| READING 6 scrolls labelled JANTAMAOLA.
  1646 | D:1      | 1646 ||| READING scroll labelled KURETA XEUDDE.
  1647 | D:1      | 1647 ||| READING scroll labelled CAGHIA JIPIP.
  1648 | D:1      | 1648 ||| READING scroll labelled ROASEP IGAURHA.
  1649 | D:1      | 1649 ||| DRINKING 2 bubbling orange potions.
  1650 | D:1      | 1650 ||| DROPPING potion of magic.
  1651 | D:1      | 1651 ||| DROPPING 2 scrolls of silence.
  1652 | D:1      | 1652 ||| DROPPING potion of berserk rage.
  1678 | D:2      | Reached XP level 3. HP: 28/28 MP: 4/4
  1714 | D:2      | 1714 ||| FLEEEEING.
  1716 | D:2      | 1716 ||| STAIRDANCE
  1815 | D:2      | 1815 ||| Stepping ~*~*~tactically~*~*~ (stealth).
  1817 | D:2      | 1817 ||| STAIRDANCE
  1912 | D:2      | 1912 ||| Stepping ~*~*~tactically~*~*~ (stealth).
  2086 | D:2      | Reached skill level 3 in Unarmed Combat
  2208 | D:2      | 2208 ||| Stepping ~*~*~tactically~*~*~ (outnumbered).
  2214 | D:2      | HP: 6/28 [gnoll/+0 whip (2)]
  2215 | D:2      | 2215 ||| READING 5 scrolls of teleportation.
  2220 | D:2      | 2220 ||| FLEEEEING.
  2322 | D:2      | 2322 ||| Stepping ~*~*~tactically~*~*~ (stealth).
  2331 | D:2      | HP: 7/28 [constriction (1)]
  2332 | D:2      | 2332 ||| READING 4 scrolls of teleportation.
  2609 | D:2      | Reached XP level 4. HP: 31/35 MP: 5/5
  2666 | D:2      | 2666 ||| Stepping ~*~*~tactically~*~*~ (hiding).
  2803 | D:2      | 2803 ||| Stepping ~*~*~tactically~*~*~ (stealth).
  2923 | D:2      | Reached skill level 4 in Unarmed Combat
  2945 | D:2      | 2945 ||| FLEEEEING.
  2946 | D:2      | 2946 ||| FLEEEEING.
  2956 | D:2      | 2956 ||| FLEEEEING.
  2962 | D:2      | 2962 ||| FLEEEEING.
  2967 | D:2      | 2967 ||| FLEEEEING.
  2968 | D:2      | 2968 ||| FLEEEEING.
  2969 | D:2      | 2969 ||| FLEEEEING.
  2970 | D:2      | 2970 ||| FLEEEEING.
  2971 | D:2      | 2971 ||| FLEEEEING.
  2976 | D:2      | 2976 ||| STAIRDANCE
  3063 | D:1      | 3063 ||| READING scroll labelled AHODIPTIESOPT.
  3111 | D:2      | 3111 ||| Stepping ~*~*~tactically~*~*~ (stealth).
  3118 | D:2      | 3118 ||| Stepping ~*~*~tactically~*~*~ (stealth).
  3121 | D:2      | 3121 ||| Stepping ~*~*~tactically~*~*~ (stealth).
  3124 | D:2      | 3124 ||| Stepping ~*~*~tactically~*~*~ (stealth).
  3224 | D:2      | 3224 ||| Stepping ~*~*~tactically~*~*~ (outnumbered).
  3226 | D:2      | 3226 ||| Stepping ~*~*~tactically~*~*~ (outnumbered).
  3227 | D:2      | 3227 ||| Stepping ~*~*~tactically~*~*~ (outnumbered).
  3228 | D:2      | 3228 ||| Stepping ~*~*~tactically~*~*~ (outnumbered).
  3229 | D:2      | 3229 ||| Stepping ~*~*~tactically~*~*~ (outnumbered).
  3230 | D:2      | 3230 ||| Stepping ~*~*~tactically~*~*~ (outnumbered).
  3231 | D:2      | 3231 ||| Stepping ~*~*~tactically~*~*~ (outnumbered).
  3232 | D:2      | 3232 ||| Stepping ~*~*~tactically~*~*~ (outnumbered).
  3234 | D:2      | 3234 ||| Stepping ~*~*~tactically~*~*~ (outnumbered).
  3250 | D:2      | HP: 9/36 [orc/+0 hand axe (4)]
  3251 | D:2      | 3251 ||| READING 3 scrolls of teleportation.
  3251 | D:2      | HP: 3/36 [orc/+0 hand axe (6)]
  3252 | D:2      | Slain by an orc

Levels and vault maps discovered:
D:1:      lightli_arrival_statue_moat, layout_loops_cross, serial_shops, shop,
          nicolae_shop_hallway_plus, ebering_ecumenical_altar_mist,
          minmay_pentomino_o4
D:2:      layout_loops_cross, minmay_misc_feat_columns, guppyfry_early_orc_mine

Skill      XL: |  1  2  3  4 |
---------------+-------------+-----
Unarmed Combat | 1 2 3 4 |  4.1
Fighting       | 1 2 |  2.0
Dodging        | |  1.7
Stealth        | |  2.1
Spellcasting   | |  1.7
Conjurations   | |  0.7
Fire Magic     | |  2.4

Action                   |  1- 3 |  4- 6 || total
-------------------------+-------+-------++-------
Melee: Unarmed           |   129 |    59 ||   188
       Punch             |     1 |     3 ||     4
  Use: Scroll            |     7 |     2 ||     9
       Potion            |     1 |       ||     1
 Stab: Sleeping          |       |     1 ||     1
Armor: Robe              |    14 |    10 ||    24
Dodge: Dodged            |    75 |    26 ||   101

Table legend:
 A = Non-vault XP
 B = Vault XP
 C = Vault XP percentage of total XP
 D = Non-vault monster count
 E = Vault monster count
 F = Vault count percentage of total count
                 A         B        C        D         E       F
            +---------+---------+-------+---------+---------+-------
      Total |     138 |      15 |   9.8 |      38 |       8 |  17.4
            +---------+---------+-------+---------+---------+-------
        D:1 |      28 |       5 |  15.2 |      16 |       3 |  15.8
        D:2 |     110 |      10 |   8.3 |      22 |       5 |  18.5
            +---------+---------+-------+---------+---------+-------
